[ AOE2 MATCH · #507824221 ]
UnrankedKoreans vs Gurjaras
Player's team · LOSS
Rival team · WIN
[ REPLAY ANALYSIS · EXTRACTED FROM THE RECORDED GAME ]
Feudal
13:05
Castle
24:20
Imperial
—
| APM avg | 54.2 |
| APM peak | 100 |
| eAPM avg | 28.9 |
| Villagers / military | 113 / 141 |
Focus
⚔️ 38.7% · 🌾 61.3%
Fire Lancer ×98 · Scorpion ×11 · Skirmisher ×11 · Battering Ram ×7 · Militia ×6 · Scout Cavalry ×5
Feudal
8:26
Castle
20:53
Imperial
36:34
| APM avg | 94.3 |
| APM peak | 188 |
| eAPM avg | 54.4 |
| Villagers / military | 133 / 71 |
Focus
⚔️ 74.2% · 🌾 25.8%
Elephant Archer ×30 · Archer ×21 · Shrivamsha Rider ×16 · Mangonel ×2 · Skirmisher ×2
Match map
Initial resources + every placement click. Lines = walls · curves = elevation contours. ◆ gold · ⬟ stone · ● berries · ✦ relic · ◌ wall gap
Your base· ✓ Closed at 24:20 · 49t walls · no gate
XEVER | Rivux's base· ✓ Closed at 20:53 · 12t walls · 1 gate(s)
Smoothed initial terrain · ◌ = detected wall gap · hover for details
Inputs per minute
— eduv - - XEVER | Rivux
Build order — eduv
First 150 of 389 actions detected
| 0:01 | Queue | Villager (Male) |
| 0:02 | Queue | Villager (Male) |
| 0:02 | Build | House |
| 0:04 | Build | House |
| 0:20 | Queue | Villager (Male) |
| 0:21 | Queue | Villager (Male) |
| 0:21 | Queue | Villager (Male) |
| 1:33 | Queue | Villager (Male) |
| 1:33 | Queue | Villager (Male) |
| 1:51 | Queue | Villager (Male) |
| 1:51 | Queue | Villager (Male) |
| 2:32 | Queue | Villager (Male) |
| 2:32 | Queue | Villager (Male) |
| 2:40 | Build | House |
| 2:59 | Queue | Villager (Male) |
| 2:59 | Queue | Villager (Male) |
| 3:12 | Queue | Villager (Male) |
| 3:12 | Queue | Villager (Male) |
| 3:49 | Queue | Villager (Male) |
| 4:01 | Build | Barracks |
| 4:14 | Queue | Villager (Male) |
| 4:14 | Queue | Villager (Male) |
| 4:24 | Queue | Villager (Male) |
| 4:24 | Queue | Villager (Male) |
| 4:24 | Queue | Villager (Male) |
| 5:02 | Queue | Militia |
| 5:03 | Queue | Militia |
| 5:11 | Build | House |
| 5:21 | Queue | Villager (Male) |
| 5:32 | Queue | Militia |
| 5:33 | Queue | Militia |
| 5:35 | Queue | Villager (Male) |
| 5:35 | Queue | Villager (Male) |
| 6:20 | Queue | Villager (Male) |
| 6:21 | Queue | Militia |
| 6:23 | Queue | Villager (Male) |
| 6:24 | Build | House |
| 7:03 | Queue | Villager (Male) |
| 7:16 | Queue | Militia |
| 7:18 | Queue | Villager (Male) |
| 7:25 | Build | Lumber Camp |
| 7:52 | Queue | Villager (Male) |
| 7:53 | Queue | Villager (Male) |
| 7:53 | Queue | Villager (Male) |
| 7:53 | Queue | Villager (Male) |
| 8:35 | Build | Mining Camp |
| 8:52 | Queue | Villager (Male) |
| 8:55 | Build | House |
| 8:57 | Build | Palisade Wall |
| 9:41 | Queue | Villager (Male) |
| 9:45 | Build | Palisade Wall |
| 9:51 | Build | Palisade Wall |
| 9:53 | Queue | Villager (Male) |
| 9:59 | Build | Palisade Wall |
| 10:03 | Build | Palisade Wall |
| 10:19 | Research | Loom |
| 10:28 | Build | House |
| 10:43 | Research | Feudal Age |
| 10:43 | Research | Feudal Age |
| 10:46 | Build | Mill |
| 12:15 | Build | House |
| 12:17 | Build | House |
| 12:34 | Queue | Villager (Male) |
| 13:00 | Queue | Villager (Male) |
| 13:05 | Age | Feudal Age |
| 13:13 | Build | Archery Range |
| 13:16 | Build | Blacksmith |
| 13:33 | Research | Double-Bit Axe |
| 13:34 | Research | Double-Bit Axe |
| 13:37 | Queue | Villager (Male) |
| 13:54 | Build | Stable |
| 14:01 | Queue | Skirmisher |
| 14:01 | Queue | Skirmisher |
| 14:02 | Research | Forging |
| 14:04 | Research | Fletching |
| 14:05 | Research | Fletching |
| 14:25 | Queue | Villager (Male) |
| 14:34 | Queue | Skirmisher |
| 14:39 | Queue | Scout Cavalry |
| 14:42 | Build | Farm |
| 14:42 | Build | Farm |
| 14:43 | Build | Farm |
| 14:43 | Build | Farm |
| 14:43 | Build | Farm |
| 14:43 | Build | Farm |
| 14:44 | Build | Farm |
| 14:44 | Build | Farm |
| 14:44 | Build | Farm |
| 15:02 | Queue | Skirmisher |
| 15:02 | Queue | Villager (Male) |
| 15:13 | Build | Farm |
| 15:15 | Build | Farm |
| 15:18 | Build | Farm |
| 15:20 | Queue | Villager (Male) |
| 15:23 | Build | Farm |
| 15:29 | Queue | Skirmisher |
| 15:39 | Build | House |
| 15:43 | Queue | Scout Cavalry |
| 15:51 | Build | Farm |
| 15:53 | Queue | Skirmisher |
| 16:09 | Queue | Skirmisher |
| 16:09 | Queue | Villager (Male) |
| 16:09 | Queue | Villager (Male) |
| 16:12 | Queue | Skirmisher |
| 16:22 | Queue | Villager (Male) |
| 16:23 | Queue | Skirmisher |
| 16:32 | Build | Farm |
| 16:33 | Build | Farm |
| 16:37 | Build | Farm |
| 16:38 | Queue | Villager (Male) |
| 16:46 | Queue | Scout Cavalry |
| 17:07 | Build | Farm |
| 17:09 | Queue | Scout Cavalry |
| 17:16 | Build | Market |
| 17:22 | Build | House |
| 17:24 | Queue | Villager (Male) |
| 17:39 | Queue | Spearman |
| 17:39 | Queue | Villager (Male) |
| 17:46 | Build | House |
| 17:47 | Build | House |
| 18:03 | Queue | Villager (Male) |
| 18:40 | Queue | Villager (Male) |
| 18:42 | Queue | Skirmisher |
| 18:42 | Queue | Skirmisher |
| 18:49 | Queue | Scout Cavalry |
| 19:13 | Research | Wheelbarrow |
| 19:15 | Research | Horse Collar |
| 19:16 | Research | Horse Collar |
| 19:18 | Build | Lumber Camp |
| 19:33 | Queue | Villager (Male) |
| 19:58 | Research | Town Watch |
| 20:02 | Queue | Villager (Male) |
| 20:35 | Build | Mill |
| 20:36 | Build | Farm |
| 20:36 | Build | Farm |
| 20:37 | Build | Farm |
| 20:37 | Build | Farm |
| 20:37 | Build | Farm |
| 20:37 | Build | Farm |
| 21:24 | Build | Palisade Wall |
| 21:40 | Research | Castle Age |
| 21:44 | Build | Lumber Camp |
| 22:11 | Build | House |
| 22:17 | Build | Palisade Wall |
| 22:21 | Build | House |
| 22:24 | Build | House |
| 22:25 | Build | Palisade Wall |
| 22:49 | Build | Barracks |
| 22:52 | Build | Barracks |
| 22:54 | Research | Scale Mail Armor |
Build order — XEVER | Rivux
First 150 of 359 actions detected
| 0:00 | Queue | Villager (Male) |
| 0:01 | Queue | Villager (Male) |
| 0:01 | Queue | Villager (Male) |
| 0:01 | Queue | Villager (Male) |
| 0:02 | Build | House |
| 0:04 | Build | House |
| 1:20 | Build | Mill |
| 1:24 | Queue | Villager (Male) |
| 1:55 | Queue | Villager (Male) |
| 2:25 | Queue | Villager (Male) |
| 2:55 | Queue | Villager (Male) |
| 2:55 | Queue | Villager (Male) |
| 3:20 | Queue | Villager (Male) |
| 3:23 | Queue | Villager (Male) |
| 3:31 | Build | House |
| 3:35 | Queue | Villager (Male) |
| 4:27 | Queue | Villager (Male) |
| 4:47 | Build | Lumber Camp |
| 4:59 | Queue | Villager (Male) |
| 5:17 | Queue | Villager (Male) |
| 5:44 | Research | Loom |
| 6:14 | Research | Feudal Age |
| 6:44 | Build | Palisade Gate |
| 7:44 | Build | House |
| 8:18 | Build | Barracks |
| 8:26 | Age | Feudal Age |
| 8:35 | Queue | Villager (Male) |
| 8:50 | Queue | Villager (Male) |
| 9:13 | Build | Archery Range |
| 9:15 | Queue | Villager (Male) |
| 9:24 | Build | House |
| 9:30 | Queue | Villager (Male) |
| 9:52 | Build | Palisade Wall |
| 9:55 | Queue | Villager (Male) |
| 9:56 | Queue | Archer |
| 10:07 | Queue | Villager (Male) |
| 10:15 | Build | Mining Camp |
| 10:17 | Queue | Villager (Male) |
| 10:27 | Build | House |
| 10:29 | Queue | Villager (Male) |
| 10:37 | Build | Farm |
| 10:46 | Queue | Skirmisher |
| 11:03 | Queue | Skirmisher |
| 11:11 | Queue | Archer |
| 11:19 | Queue | Villager (Male) |
| 11:24 | Build | House |
| 11:30 | Research | Double-Bit Axe |
| 11:55 | Queue | Villager (Male) |
| 11:55 | Queue | Villager (Male) |
| 11:56 | Queue | Archer |
| 12:12 | Queue | Archer |
| 12:15 | Build | Farm |
| 12:17 | Build | House |
| 12:21 | Queue | Villager (Male) |
| 12:33 | Build | Farm |
| 12:58 | Queue | Villager (Male) |
| 12:59 | Queue | Villager (Male) |
| 12:59 | Queue | Villager (Male) |
| 13:00 | Build | Blacksmith |
| 13:01 | Queue | Archer |
| 13:17 | Build | Farm |
| 13:35 | Queue | Villager (Male) |
| 13:36 | Queue | Archer |
| 13:38 | Build | Farm |
| 13:48 | Build | House |
| 13:53 | Research | Fletching |
| 13:53 | Research | Fletching |
| 13:53 | Queue | Archer |
| 14:05 | Build | Farm |
| 14:05 | Queue | Villager (Male) |
| 14:18 | Queue | Villager (Male) |
| 14:20 | Build | House |
| 14:21 | Build | Palisade Wall |
| 14:34 | Build | Farm |
| 14:35 | Queue | Villager (Male) |
| 14:35 | Queue | Archer |
| 15:06 | Build | Farm |
| 15:14 | Build | Farm |
| 15:17 | Queue | Villager (Male) |
| 15:29 | Build | Farm |
| 15:33 | Build | House |
| 15:39 | Queue | Villager (Male) |
| 15:41 | Build | Farm |
| 16:01 | Build | Farm |
| 16:25 | Queue | Villager (Male) |
| 16:33 | Build | House |
| 16:37 | Build | Farm |
| 16:53 | Queue | Villager (Male) |
| 16:55 | Build | Farm |
| 16:58 | Build | Lumber Camp |
| 17:15 | Build | Farm |
| 17:15 | Queue | Villager (Male) |
| 17:48 | Queue | Villager (Male) |
| 17:50 | Build | Stable |
| 18:08 | Research | Castle Age |
| 18:24 | Build | House |
| 18:26 | Build | Palisade Gate |
| 18:46 | Build | Watch Tower |
| 19:02 | Build | Stable |
| 19:07 | Queue | Archer |
| 19:23 | Research | Scale Barding Armor |
| 19:31 | Research | Horse Collar |
| 19:31 | Research | Horse Collar |
| 19:45 | Research | Bloodlines |
| 19:45 | Research | Bloodlines |
| 19:49 | Build | Farm |
| 19:50 | Build | Farm |
| 19:56 | Build | Palisade Wall |
| 20:31 | Build | House |
| 20:33 | Queue | Archer |
| 20:36 | Research | Gold Mining |
| 20:37 | Research | Gold Mining |
| 20:53 | Age | Castle Age |
| 20:55 | Queue | Shrivamsha Rider |
| 20:56 | Queue | Shrivamsha Rider |
| 20:59 | Research | Crossbowman (upgrade) |
| 21:04 | Queue | Villager (Male) |
| 21:13 | Queue | Shrivamsha Rider |
| 21:47 | Research | Bodkin Arrow |
| 21:53 | Queue | Archer |
| 22:06 | Build | Farm |
| 22:07 | Build | Farm |
| 22:17 | Queue | Villager (Male) |
| 22:17 | Queue | Villager (Male) |
| 22:18 | Queue | Villager (Male) |
| 22:19 | Queue | Villager (Male) |
| 22:24 | Build | Town Center |
| 22:36 | Queue | Archer |
| 22:37 | Queue | Archer |
| 22:44 | Queue | Villager (Male) |
| 22:45 | Queue | Archer |
| 22:56 | Queue | Shrivamsha Rider |
| 23:01 | Research | Bow Saw |
| 23:06 | Queue | Archer |
| 23:10 | Queue | Villager (Male) |
| 23:18 | Queue | Shrivamsha Rider |
| 23:19 | Queue | Archer |
| 23:31 | Queue | Villager (Male) |
| 23:50 | Queue | Shrivamsha Rider |
| 23:51 | Queue | Villager (Male) |
| 24:04 | Queue | Villager (Male) |
| 24:05 | Build | House |
| 24:13 | Queue | Villager (Male) |
| 24:21 | Queue | Shrivamsha Rider |
| 24:23 | Queue | Archer |
| 24:27 | Build | Farm |
| 24:38 | Queue | Archer |
| 24:39 | Queue | Villager (Male) |
| 24:42 | Build | Farm |
| 24:49 | Queue | Shrivamsha Rider |
Match timeline
| 4:01 | eduv · first_building Barracks |
| 8:18 | XEVER | Rivux · first_building Barracks |
| 8:26 | XEVER | Rivux · age_up feudal |
| 8:57 | eduv · wall_segment Palisade Wall x6 |
| 9:13 | XEVER | Rivux · first_building Archery Range |
| 9:45 | eduv · wall_segment Palisade Wall x5 |
| 9:51 | eduv · wall_segment Palisade Wall x9 |
| 9:52 | XEVER | Rivux · wall_segment Palisade Wall x1 |
| 9:59 | eduv · wall_segment Palisade Wall x5 |
| 10:03 | eduv · wall_segment Palisade Wall x12 |
| 13:05 | eduv · age_up feudal |
| 13:13 | eduv · first_building Archery Range |
| 13:54 | eduv · first_building Stable |
| 14:21 | XEVER | Rivux · wall_segment Palisade Wall x2 |
| 17:50 | XEVER | Rivux · first_building Stable |
| 19:56 | XEVER | Rivux · wall_segment Palisade Wall x9 |
| 20:53 | XEVER | Rivux · age_up castle |
| 21:24 | eduv · wall_segment Palisade Wall x10 |
| 22:17 | eduv · wall_segment Palisade Wall x1 |
| 22:25 | eduv · wall_segment Palisade Wall x1 |
| 24:20 | eduv · age_up castle |
| 26:31 | eduv · first_market_sell 100 wood |
| 26:51 | XEVER | Rivux · first_building Siege Workshop |
| 27:29 | eduv · first_building Monastery |
| 28:22 | eduv · first_building Siege Workshop |
| 28:49 | XEVER | Rivux · first_building Monastery |
| 32:10 | eduv · wall_segment Palisade Wall x1 |
| 32:16 | eduv · wall_segment Palisade Wall x1 |
| 33:22 | XEVER | Rivux · first_building Castle |
| 36:11 | eduv · first_market_buy 100 wood |
| 36:34 | XEVER | Rivux · age_up imperial |
| 39:47 | eduv · resign |
[ AI ANALYSIS · 1 CREDIT ]
What really happened in this match?
Wolo.gg analyzes every decision: build order, eco, micro, common mistakes by bracket. Personalized analysis on WhatsApp or Discord in 30 seconds.
Civ guide
Koreans
Perfil
Jugador #631884